Unix NetHack Version 5.0.0-0 post-release - last build May  4 2026 22:22:43 (774f63e81ad911689b3a0859ea89b322d5daca8d,branch:main).

Game began 2026-05-10 10:58:44, ended 2026-05-10 12:22:51.

DiePARTEI, lawful female dwarven Archeologist

                          --------------------------
                          |>..r%.^^^^^^^^^^^^^^^^^.|
                          |.......----------------.|
                          -------.------         |.|
                           |...m.@.....|         |.|
                           |.0.0m0..0.0|         |.|
                          --------.----|         |.|
                          |...0.0..0.0.|         |.|
                          |...0........|         |.|
                          -----.--------   ------|.|
                           |..0.0.0...|  --|.....|.|
                           |.....0....|  |.+.....|.|
                           |.0.0...0.--  |-|.....|.|
                          -------.----   |.+.....+.|
                          |..0.....|     |-|.....|--
                          |........|     |.+.....|
                          |...------     --|.....|
                          -----            -------
DiePARTEI the Investigator  St:25 Dx:9 Co:16 In:12 Wi:16 Ch:9  Lawful
Dlvl:4  $:0  HP:0(78) Pw:18(18) AC:-1 Xp:8 T:9772  Satiated Burdened

Latest messages:
 You kill the coyote!
 There are many objects here.
 Click!  You trigger a rolling boulder trap!
 No boulder was released.
 You climb up the stairs.
 You see here a cream pie.
 What do you want to call? [lnwyHMPUV or ?*] w
 Call an etched helmet: ESP
 You hear a wolf howling at the moon.
 You hear a slurping sound.
 You hear a door open.
 You hear a slurping sound.
 You hear something reading a scroll of teleportation.
 With great effort you move the boulder.
 You hear a slurping sound.
 With great effort you move the boulder.
 What do you want to zap? [exHUVZ or ?*] V
 In what direction? 1
 The magic missile hits the giant mimic!
 The magic missile bounces!
 You hear a slurping sound.
 Nothing happens.
 The giant mimic hits!
 The giant mimic hits again!
 You lash the giant mimic.
 You lash the giant mimic.
 You lash the giant mimic.
 You lash the giant mimic.
 You lash the giant mimic.
 The giant mimic hits!
 The giant mimic hits again!
 You lash the giant mimic.
 A rock mole suddenly appears close by!
 You lash the giant mimic.
 You hear a door open.
 The giant mimic hits!
 The giant mimic misses!
 You lash the giant mimic.
 The giant mimic hits!
 The giant mimic hits again!
 You cannot escape from the giant mimic!
 You hear a door open.
 The giant mimic hits!
 The giant mimic hits again!
 You die...
 Do you want your possessions identified? [ynq] (y) y
 Do you want to see your attributes? [ynq] (y) y
 Do you want an account of creatures vanquished? [ynaq] (y) y
 Do you want to see your conduct and achievements? [ynq] (y) y
 Do you want to see the dungeon overview? [ynq] (y) y

Inventory:
 Weapons  (')')
  a - a +3 bullwhip (weapon in right hand)
 Armor    ('[')
  w - a cursed -1 helm of telepathy (being worn)
  C - a blessed rustproof +0 pair of gauntlets of power (being worn)
  b - a cursed +0 pair of elven boots (being worn)
  P - a cursed -1 shield of reflection (being worn)
  E - a cursed +0 cloak of magic resistance
  F - an uncursed burnt +1 cloak of protection (being worn)
  G - a cursed +2 studded leather armor (being worn)
 Comestibles  ('%')
  r - an uncursed slime mold
  d - 6 uncursed food rations
  u - 2 cursed fortune cookies
  N - 2 uncursed homemade tins of killer bee meat
  O - 2 uncursed homemade tins of lizard meat
  h - an uncursed homemade tin of newt meat
  L - an uncursed homemade tin of troll meat
  S - an uncursed homemade tin of Woodland-elf meat
  I - an uncursed tin of sauteed dwarf meat
  z - an uncursed tin of spinach
 Potions  ('!')
  n - an uncursed potion of object detection
 Rings    ('=')
  l - a cursed -1 ring of gain constitution
  M - an uncursed ring of regeneration
  y - an uncursed ring of see invisible
  X - a cursed ring of slow digestion (on left hand)
  Y - a cursed ring of warning
 Wands    ('/')
  U - a wand of cancellation (0:6)
  H - a wand of cancellation (0:5)
  Z - a cursed wand of digging (0:6)
  e - a cursed wand of digging (0:4)
  V - a wand of magic missile (0:0)
  x - a wand of make invisible (0:4)
 Tools    ('(')
  s - an uncursed sack containing 39 items
  v - a drum of earthquake (0:6)
  T - an uncursed blindfold
  j - a cursed expensive camera (0:40)
  k - a cursed magic marker (0:20)
  B - a blessed oil lamp
  i - an uncursed oil lamp
  R - a +0 pick-axe (alternate weapon; not wielded)
  A - an uncursed skeleton key
  m - an uncursed stethoscope
  f - a tinning kit (0:75)
 Gems/Stones  ('*')
  q - an uncursed luckstone
  g - an uncursed touchstone

Contents of the sack:
  1872 gold pieces
  an uncursed scroll of blank paper
  a blessed scroll of confuse monster
  an uncursed scroll of create monster
  an uncursed scroll of destroy armor
  an uncursed scroll of earth
  a cursed scroll of earth
  an uncursed scroll of enchant armor
  a cursed scroll of enchant armor
  a cursed scroll of enchant weapon
  an uncursed scroll of fire
  an uncursed scroll of food detection
  a cursed scroll of food detection
  a cursed scroll of gold detection
  2 uncursed scrolls of identify
  a cursed scroll of identify
  an uncursed scroll of light
  an uncursed scroll of magic mapping
  an uncursed scroll of punishment
  3 cursed scrolls of remove curse
  an uncursed scroll of scare monster
  an uncursed scroll of stinking cloud
  an uncursed scroll of teleportation
  an uncursed potion of acid
  an uncursed potion of confusion
  a cursed potion of enlightenment
  an uncursed potion of extra healing
  2 blessed potions of gain energy
  an uncursed potion of gain energy
  an uncursed potion of invisibility
  an uncursed potion of monster detection
  a cursed potion of monster detection
  an uncursed potion of object detection
  an uncursed potion of paralysis
  an uncursed potion of restore ability
  a cursed potion of restore ability
  a cursed potion of sickness
  an uncursed potion of speed
  an uncursed potion of water

DiePARTEI the Archeologist's attributes:

Background:
 You were an Investigator, a level 8 female dwarven Archeologist.
 You were lawful, on a mission for Quetzalcoatl
 who was opposed by Camaxtli (neutral) and Huhetotl (chaotic).
 You were right-handed.
 You were in Sokoban, on level 4.
 You entered the dungeon 9772 turns ago.
 You had 2241 experience points, 319 more were needed to attain level 9.

Basics:
 You had 0 out of 78 hit points.
 You had all 18 energy points (spell power).
 Your armor class was -1.
 Your wallet was empty, but
 you had 1872 zorkmids stashed away in your pack.
 Autopickup was off.

Final Characteristics:
 Your strength was 25 (base:12, peak:13, innate limit:18/100).
 Your dexterity was 9 (peak:12, limit:20).
 Your constitution was 16 (peak:17, limit:20).
 Your intelligence was 12 (limit:16).
 Your wisdom was 16 (limit:16).
 Your charisma was 9 (limit:16).

Final Status:
 You were held by a giant mimic (southwest).
 You were satiated.
 You were burdened; movement was slightly slowed.
 You were wielding a whip.
 You were skilled in whip and could have enhanced that.

Final Attributes:
 You were piously aligned.
 You were telepathic.
 You had automatic searching.
 You had infravision.
 You were stealthy.
 You had slower digestion.
 You were protected.
 You had reflection.
 You were unlucky.
 You had extra luck.
 Bad luck did not time out for you.
 Good luck did not time out for you.
 You are dead (2nd time!).

Miscellaneous:
 You encountered 1 bones level.
 Total elapsed playing time was 1 hour, 24 minutes and 6 seconds.

Major events:
 Turn
    1: DiePARTEI the lawful female dwarven Archeologist entered the dungeon
 1713: entered the Gnomish Mines
 1764: reached Mine Town
 1989: made her first wish - "blessed greased rustproof fireproof gauntlets of power", got "a greased pair of riding gloves"
 2084: attained the rank of Field Worker (level 3)
 3753: attained the rank of Investigator (level 6)
 7371: entered Sokoban
 7813: completed 1st Sokoban level
 8748: completed 2nd Sokoban level
 8914: averted death (killed by a troll)
 9486: completed 3rd Sokoban level
 9772: killed by a giant mimic

Spells:
 Name                 Level Category     Fail Retention
 force bolt             1   attack       100%   51%-75%
 light                  1   divination   100%   51%-75%
 detect food            2   divination   100%   51%-75%

Skills:
 Fighting Skills
   bare handed combat [Unskilled]
   two weapon combat  [Unskilled]
   riding             [Unskilled]
 Weapon Skills
   dagger             [Unskilled]
   knife              [Unskilled]
   pick-axe           [Basic]
   short sword        [Unskilled]
   saber              [Unskilled]
   club               [Unskilled]
   quarterstaff       [Unskilled]
   sling              [Unskilled]
   dart               [Unskilled]
   boomerang          [Unskilled]
   whip               [Skilled]
   unicorn horn       [Unskilled]
 Spellcasting Skills
   attack spells      [Unskilled]
   healing spells     [Unskilled]
   divination spells  [Unskilled]
   matter spells      [Unskilled]

Voluntary challenges:
 Character rerolling was not enabled.
 You never genocided any monsters.
 You never polymorphed an object.
 You never changed form.
 You used 1 wish.
 You did not wish for any artifacts.
 You violated the special Sokoban rules 6 times.
Achievements:
 You entered the Gnomish Mines.
 You entered Minetown.
 You entered a shop.
 You entered a temple.
 You attained the rank of Field Worker.
 You attained the rank of Investigator.
 You entered Sokoban.

 The Dungeons of Doom: levels 1 to 8
    Level 1:
       An altar to Quetzalcoatl.
    Level 2:
       A sink.
       Stairs down to The Gnomish Mines.
    Level 3:
       A fountain.
    Level 4:
    Level 5:
       A general store, a fountain.
    Level 6:
       A scroll shop, a fountain.
    Level 7:
       Many fountains.
    Level 8:
       Stairs up to Sokoban, level 7.
 The Gnomish Mines: levels 3 to 6
    Level 3:
    Level 4:
    Level 5:
       A grave.
       Final resting place for
          asododsteel-Wiz-Hum-Mal-Neu, killed by a giant bat.
    Level 6:
       Many shops, a temple and an altar, some fountains.
 Sokoban: levels 7 up to 4
    Level 4: <- You were here.
       Unsolved.
       Final resting place for
          you, killed by a giant mimic.
    Level 5:
       Solved.
    Level 6:
       Solved.
    Level 7:
       Solved.


Vanquished creatures:
  a ghost
  a small mimic
  a glass piercer
  2 trolls
  a freezing sphere
  2 flaming spheres
  a large cat
 an ochre jelly
  a wraith
  a leather golem
  a chameleon
  a quivering blob
  a wolf
  a winter wolf cub
  2 lynxes
  2 leprechauns
  a mumak
  a vampire bat
 an ogre
  2 lizards
  a dingo
  a housecat
  a blue jelly
  a plains centaur
  2 apes
  5 Woodland-elves
  2 bugbears
  a wood nymph
  a mountain nymph
  2 Uruk-hai
  2 rock piercers
  2 rock moles
  3 ponies
  a yellow light
  2 violet fungi
  a gnome leader
  a kobold mummy
  a paper golem
  6 giant ants
  a floating eye
  a kitten
  a homunculus
  a kobold shaman
 12 hill orcs
  a rothe
  a rabid rat
  a centipede
  3 giant bats
  6 orc zombies
  2 dwarf zombies
  2 iguanas
  8 killer bees
  a coyote
  a gas spore
  a hobbit
  9 manes
  4 giant rats
  a cave spider
  4 yellow molds
  2 green molds
  3 gnomes
  5 geckos
 19 jackals
  2 foxes
  a kobold
  6 goblins
 13 grid bugs
  3 lichens
  2 kobold zombies
 13 newts
191 creatures vanquished.

No species were genocided or became extinct.

Game over:
                       ----------
                      /          \
                     /    REST    \
                    /      IN      \
                   /     PEACE      \
                  /                  \
                  |    DiePARTEI     |
                  |     1872 Au      |
                  |   killed by a    |
                  |   giant mimic    |
                  |                  |
                  |                  |
                  |       2026       |
                 *|     *  *  *      | *
        _________)/\\_//(\/(/\)/\//\/|_)_______

Goodbye DiePARTEI the Archeologist...

You died in Sokoban on dungeon level 4 with 11029 points,
and 1872 pieces of gold, after 9772 moves.
You were level 8 with a maximum of 78 hit points when you died.

